 Dungeon Crawl Stone Soup version 0.30-a0-210-g01b79a254e (webtiles) character file.

Game seed: 9276595190690501731

3563 funkygono the Arsonist (level 10, -2/52 HPs)
             Began as a Gargoyle Fire Elementalist on Oct 4, 2022.
             Was an Initiate of Vehumet.
             Slain by a wyvern (3 damage)
             ... on level 7 of the Dungeon.
             The game lasted 00:14:40 (8390 turns).

funkygono the Arsonist (Gargoyle Fire Elementalist) Turns: 8390, Time: 00:14:42

Health: -2/52      AC: 18    Str: 12    XL:     10   Next: 9%
Magic:  1/22       EV: 12    Int: 20    God:    Vehumet [......]
Gold:   186        SH:  0    Dex: 10    Spells: 15/25 levels left

rFire   . . .      SeeInvis .    c - +2 whip (vorpal)
rCold   + . .      Faith    .    (no shield)
rNeg    + . .      Spirit   .    a - +0 robe
rPois   ∞          Reflect  .    z - +0 helmet
rElec   +          Harm     .    v - +1 cloak
rCorr   .          Rampage  .    (no gloves)
Will    .....                    w - +1 pair of boots
Stlth   ++........               (no amulet)
HPRegen 0.28/turn                j - ring of protection from cold
MPRegen 0.18/turn                n - +4 ring of protection

@: no status effects
A: sickness immunity, AC +7, negative energy resistance 1, electricity
resistance, torment resistance 1, petrification resistance
a: Renounce Religion


You were on level 7 of the Dungeon.
You worshipped Vehumet.
Vehumet was noncommittal.
You visited 2 branches of the dungeon, and saw 9 of its levels.
You also visited: Sewer.

You collected 378 gold pieces.
You spent 192 gold pieces at shops.

Inventory:

Hand Weapons
 c - a +2 vorpal whip (weapon)
 i - a +0 whip of flaming
 r - a +2 dire flail of draining
Armour
 a - a +0 robe (worn)
 v - a +1 cloak (worn)
 w - a +1 pair of boots (worn)
 y - a +1 scale mail of fire resistance
 z - a +0 helmet (worn)
Magical Staves
 d - a staff of cold
 h - a staff of earth
Jewellery
 j - a ring of protection from cold (left hand)
 n - a +4 ring of protection (right hand)
Scrolls
 b - 2 scrolls of teleportation
 f - 2 scrolls of amnesia
 g - a scroll of blinking
 l - a scroll of fear
 o - a scroll of torment
 s - 4 scrolls of immolation
 t - 2 scrolls of magic mapping
 A - 2 scrolls of poison
 E - 2 scrolls of identify
Potions
 e - 3 potions of curing
 k - a potion of attraction
 m - 2 potions of might
 p - 2 potions of flight
 q - 2 potions of lignification
 u - a potion of heal wounds
 x - 2 potions of brilliance
 B - 2 potions of haste {unknown}
 C - a potion of berserk rage {unknown}
 D - a potion of degeneration {unknown}


   Skills:
 + Level 1.3 Fighting
 + Level 2.0 Maces & Flails
 + Level 2.8 Dodging
 - Level 2.1 Stealth
 + Level 8.3 Spellcasting
 + Level 6.8 Conjurations
 + Level 8.8 Fire Magic


You had 15 spell levels left.
You knew the following spells:

 Your Spells              Type           Power      Damage    Failure   Level
a - Foxfire               Conj/Fire      100%       2x1d9     1%          1
b - Scorch                Fire           86%        2d9       1%          2
c - Kindle Blastsparks    Fire/Tloc/Air  40%        2d13      8%          3
d - Flame Wave            Conj/Fire      39%        2d11      3%          4

Your spell library contained the following spells:

 Spells                   Type           Power      Damage    Failure   Level
 Inner Flame              Hex/Fire       25%        N/A       4%          3
 Dazzling Flash           Conj/Hex       44%        N/A       6%          3
 Iskenderun's Mystic Bla  Conj/Tloc      22%        2d6       21%         4
 Call Canine Familiar     Summ           8%         N/A       24%         3
 Portal Projectile        Hex/Tloc       16%        N/A       24%         3
 Starburst                Conj/Fire      19%        6d7       45%         6
 Leda's Liquefaction      Hex/Erth       4%         N/A       63%         4


Dungeon Overview and Level Annotations

Branches:
Dungeon (8/15)             Temple (1/1) D:6           Sewer (visited)
   Lair: D:8-11

Altars:
Ashenzari
Cheibriados
Elyvilon
Fedhas
Gozag
Hepliaklqana
Nemelex Xobeh
Okawaru
Ru
Trog
Uskayaw
Vehumet
Wu Jian
Xom
Yredelemnul
Zin
The Shining One

Shops:
D:4 [


Innate Abilities, Weirdness & Mutations

You are immune to sickness and miasma.
Your stone body is resilient. (AC +7)
You are immune to poison.
You resist negative energy. (rN+)
You are resistant to electric shocks. (rElec)
You are resistant to unholy torment.
You are immune to petrification.


Message History

The wyvern barely misses you.
Unknown command.
You hit the wyvern but do no damage.
The wyvern is moderately wounded.
The wyvern closely misses you.
The wyvern bites you but does no damage.
You closely miss the wyvern.
The wyvern is moderately wounded.
The wyvern completely misses you.
Casting: Scorch (safe; 1% risk of failure)
Confirm with . or Enter, or press ? or * to list all spells.
Flames lash the orc.
You kill the orc!
Vehumet accepts your kill.
The wyvern bites you but does no damage.
The wyvern bites you.
You hit the wyvern but do no damage.
The wyvern is moderately wounded.
The wyvern is no longer more vulnerable to fire.
The wyvern closely misses you.
You hit the wyvern.
The wyvern is moderately wounded.
The wyvern bites you!
* * * LOW HITPOINT WARNING * * *
The wyvern barely misses you.
You hit the wyvern.
The wyvern is severely wounded.
The wyvern bites you but does no damage.
You closely miss the wyvern.
The wyvern is heavily wounded.
The wyvern barely misses you. The wyvern misses you.
You hit the wyvern.
The wyvern is severely wounded.
The wyvern barely misses you.
You hit the wyvern.
The wyvern is severely wounded.
The wyvern bites you!
* * * LOW HITPOINT WARNING * * *
The wyvern bites you.
You die...

###.##......###.## #.###########.
....<.........|..# #.# #.
###.##...........###.# ##
....##......###.#.##.#
###.........##.###.#.# ###
#....<..#...## ##..# #.†
###.......####.###.#.# #.#
........).......#....# #.#
.##.......##.###@##### #.#
.##.......##.# #l# #.#
.##.......##.# #)########### #.#
.#####.##.##.###...........####.#
.##....#.......#.#########......#
.##.##...........# ########
.##.####.........# ....#
##......### .#### #...>..#


You could see a wyvern.

Vanquished Creatures
  Pikel (D:6)
  Psyche (D:8)
  A hornet (D:7)
  Sigmund (D:5)
  A wyvern (D:8)
  Edmund (D:6)
  A steam dragon (D:7)
  A water moccasin (D:7)
  Pargi (Sewer)
  An orc warrior (D:8)
  2 ice beasts (D:7)
  A black bear (D:5)
  3 ogres (D:5)
  A kobold brigand (D:8)
  A bullfrog (D:7)
  2 scorpions
  5 wights (D:8)
  4 hounds
  3 orc priests
  An iron imp (D:7)
  4 iguanas
  7 orc wizards
  4 gnolls (D:6)
  11 adders
  An ufetubus (D:5)
  A dart slug (D:1)
  4 worms (D:3)
  17 orcs
  11 ball pythons
  4 endoplasms
  6 giant cockroaches
  13 goblins
  7 hobgoblins
  7 jackals
  2 quokkas
  6 bats
  10 frilled lizards
  15 kobolds
  11 rats
174 creatures vanquished.

Vanquished Creatures (others)
  An orc priest (D:8)
  551 foxfires
552 creatures vanquished.

Grand Total: 726 creatures vanquished

Notes
Turn   | Place    | Note
-------+----------+-------------------------------------------
     0 | D:1      | funkygono the Gargoyle Fire Elementalist began the quest
                  | for the Orb.
     0 | D:1      | Reached XP level 1. HP: 10/10 MP: 3/3
   244 | D:1      | Reached XP level 2. HP: 15/15 MP: 0/5
   247 | D:1      | Learned a level 2 spell: Scorch
   634 | D:1      | Reached XP level 3. HP: 14/19 MP: 1/6
   648 | D:1      | Learned a level 3 spell: Kindle Blastsparks
  1073 | D:2      | Found a faded altar of an unknown god.
  1311 | D:2      | Reached XP level 4. HP: 24/24 MP: 5/8
  1897 | D:3      | Found a glowing drain.
  1971 | Sewer    | Entered a sewer
  2146 | Sewer    | Noticed Pargi
  2161 | Sewer    | Killed Pargi
  2162 | Sewer    | Reached XP level 5. HP: 20/28 MP: 0/10
  2478 | D:3      | Reached XP level 6. HP: 33/33 MP: 4/11
  2491 | D:3      | Learned a level 4 spell: Flame Wave
  3477 | D:4      | Found Paofas's Armour Boutique.
  3689 | D:4      | Bought a +1 cloak for 138 gold pieces
  3689 | D:4      | Bought a +0 pair of boots for 54 gold pieces
  4262 | D:4      | Found a glowing golden altar of the Shining One.
  4327 | D:5      | Entered Level 5 of the Dungeon
  4354 | D:5      | Reached skill level 1 in Maces & Flails
  4354 | D:5      | Reached XP level 7. HP: 37/37 MP: 7/13
  4635 | D:5      | Reached skill level 5 in Fire Magic
  4826 | D:5      | Reached skill level 5 in Spellcasting
  4837 | D:5      | Found a sacrificial altar of Ru.
  4902 | D:5      | Noticed Sigmund
  4911 | D:5      | Killed Sigmund
  4912 | D:5      | Reached XP level 8. HP: 42/42 MP: 9/16
  5621 | D:6      | Noticed Edmund
  5641 | D:6      | HP: 2/42 [Edmund/+2 dire flail of draining (10)]
  5836 | D:6      | Noticed Pikel
  5847 | D:6      | Killed Pikel
  5848 | D:6      | Reached skill level 1 in Fighting
  5848 | D:6      | Reached skill level 5 in Conjurations
  5927 | D:6      | Found a staircase to the Ecumenical Temple.
  5947 | D:6      | Reached XP level 9. HP: 47/47 MP: 6/19
  6066 | Temple   | Entered the Ecumenical Temple
  6254 | Temple   | Became a worshipper of Vehumet
  6342 | D:6      | Found a hide-covered altar of Uskayaw.
  6366 | D:6      | Killed Edmund
  7290 | D:7      | Found a snail-covered altar of Cheibriados.
  7429 | D:7      | Noticed a hornet
  7435 | D:7      | Killed a hornet
  7585 | D:7      | Found a white marble altar of Elyvilon.
  7585 | D:7      | Found a hazy altar of Hepliaklqana.
  8352 | D:8      | Noticed Psyche
  8363 | D:8      | Reached XP level 10. HP: 38/52 MP: 1/22
  8363 | D:8      | Killed Psyche
  8390 | D:7      | HP: 1/52 [wyvern (14)]
  8390 | D:7      | Slain by a wyvern

Illustrated notes

Levels and vault maps discovered:
D:1:      dpeg_arrival_shrine, layout_rooms, minmay_misc_feat_enclosed
D:2:      layout_loops_ring, basic_ecumenical_altar, kennysheep_generic_room_3
D:3:      layout_loops_ring, cheibrodos_sewer_entry_drain, grunt_ministairs_10,
          minmay_checkerbox
D:4:      layout_cave_pools, nicolae_overflow_hidden_temple, serial_shops,
          nicolae_inconvenience_store
D:5:      layout_basic, nicolae_ru_sacrificial_ziggurat, st_stairs_2,
          uniq_sigmund
D:6:      layout_basic, nicolae_overflow_crystal_walls,
          minmay_temple_entry_tees, uniq_edmund, uniq_pikel
D:7:      layout_loops_ring, slow_altar_2, gammafunk_temple_overflow_elements,
          minmay_door_square
D:8:      layout_loops_ring, mainiacjoe_overflow_six_doors_small, minivault_1,
          minmay_misc_feat_doors, uniq_prince_ribbit1, uniq_psyche
Temple:   grunt_temple_mini_profane

Skill      XL: |  1  2  3  4  5  6  7  8  9 |
---------------+----------------------------+-----
Dodging        | 2 |  2.8
Spellcasting   | 3 4 5 6 8 |  8.3
Conjurations   | 2 3 4 5 6 |  6.8
Fire Magic     | 4 5 7 8 |  8.8
Maces & Flails | 1 2 |  2.0
Fighting       | 1 |  1.3
Stealth        | |  2.1

Action                   |  1- 3 |  4- 6 |  7- 9 | 10-12 || total
-------------------------+-------+-------+-------+-------++-------
Melee: Unarmed           |    31 |       |       |       ||    31
       Punch             |     2 |       |       |       ||     2
       Whip              |     5 |    22 |    39 |    11 ||    77
 Cast: Foxfire           |    52 |   122 |   144 |       ||   318
       Scorch            |     6 |    13 |    44 |     2 ||    65
       Flame Wave        |       |       |     4 |       ||     4
  Use: Potion            |     1 |       |       |       ||     1
       Scroll            |       |    18 |     5 |       ||    23
Armor: Robe              |    23 |    17 |    50 |    11 ||   101
Dodge: Dodged            |    58 |    21 |    37 |    19 ||   135

Table legend: (Time is in decaauts)
 A = Elapsed time spent in this place.
 B = Non-inter-level travel time spent in this place.
 C = Inter-level travel time spent in this place.
 D = Time resting spent in this place.
 E = Time spent auto-exploring this place.
 F = Levels seen in this place.
 G = Mean time per level.
                   A        B        C        D        E       F      G
               +--------+--------+--------+--------+--------+-----+--------+
         Total |   8425 |   8252 |    173 |    369 |   6583 |  10 |  842.5 |
       Dungeon |   7878 |   7728 |    150 |    369 |   6129 |   8 |  984.8 |
        Temple |    212 |    189 |     23 |      0 |    184 |   1 |  212.0 |
         Sewer |    333 |    333 |      0 |      0 |    269 |   1 |  333.0 |
               +--------+--------+--------+--------+--------+-----+--------+

Top non-repeatable levels by time:
     D:6: 1290 daAuts
     D:5: 1248 daAuts
     D:3: 1132 daAuts
     D:4: 1099 daAuts
     D:7: 1020 daAuts
     D:2: 913 daAuts
     D:1: 885 daAuts
   Sewer: 333 daAuts
     D:8: 289 daAuts
  Temple: 212 daAuts
